 Dungeon Crawl Stone Soup version 0.26.0-10-g1f06aea511 (webtiles) character file.

Game seed: 6550316142860779234

3705 MisterFreud the Grappler (level 9, -11/89 HPs)
             Began as a Troll Berserker on Jan 14, 2021.
             Was a High Priest of Trog.
             Mangled by a yak (16 damage)
             ... on level 9 of the Dungeon.
             The game lasted 00:07:10 (5454 turns).

MisterFreud the Grappler (Troll Berserker)          Turns: 5454, Time: 00:07:10

Health: -11/89     AC:  6    Str: 27    XL:     9   Next: 91%
Magic:  8/8        EV: 12    Int:  6    God:    Trog [*****.]
Gold:   477        SH:  0    Dex:  9    Spells: 8/8 levels left

rFire    . . .     SeeInvis .     - Unarmed
rCold    . . .     Faith    .   (no shield)
rNeg     . . .     Spirit   .   a - +0 animal skin
rPois    .         Reflect  .   (helmet restricted)
rElec    .         Harm     .   (no cloak)
rCorr    .         Rampage  .   (gloves unavailable)
Will     ++...                  (boots unavailable)
Stlth    +.........             (no amulet)
HPRegen  1.64/turn              (no ring)
MPRegen  0.11/turn              (no ring)

@: lethally poisoned (-11 -> -12), berserk cooldown, regenerating, slowed, very
slow
A: large, unfitting armour, claws 3, regeneration 1, shaggy fur 1, tough skin 3
a: Renounce Religion, Berserk, Trog's Hand, Brothers in Arms


You were on level 9 of the Dungeon.
You worshipped Trog.
Trog was extremely pleased with you.
You visited 1 branch of the dungeon, and saw 9 of its levels.
You also visited: Ossuary.

You collected 477 gold pieces.

Inventory:

Missiles
 n - 46 poisoned darts
 o - 3 boomerangs
Armour
 a - a +0 animal skin (worn)
Jewellery
 w - an uncursed ring of wizardry {unknown}
Scrolls
 c - 6 scrolls of fear {unknown}
 d - 7 scrolls of remove curse {unknown}
 e - 6 scrolls of teleportation {unknown}
 f - 5 scrolls of enchant weapon {unknown}
 g - 14 scrolls of identify {unknown}
 i - a scroll of enchant armour {unknown}
 j - 4 scrolls of magic mapping {unknown}
 m - 2 scrolls of fog {unknown}
Potions
 b - 4 potions of curing {unknown}
 h - 2 potions of degeneration {unknown}
 k - 4 potions of lignification {unknown}
 l - 2 potions of attraction {unknown}
 p - a potion of berserk rage {unknown}
 q - 3 potions of brilliance {unknown}
 r - 2 potions of ambrosia {unknown}
 s - a potion of magic {unknown}
 t - a potion of heal wounds {unknown}
 u - a potion of haste {unknown}
 v - a potion of mutation {unknown}


   Skills:
 - Level 6.0 Fighting
 + Level 5.2 Throwing
 + Level 5.5 Dodging
 + Level 9.9 Unarmed Combat


You had 8 spell levels left.
You didn't know any spells.
Your spell library was empty.

Dungeon Overview and Level Annotations

Branches:
Dungeon (9/15)             Temple (0/1) D:5            Lair (0/6) D:8
Ossuary (visited)
    Orc: D:9-12

Altars:
Ashenzari
Cheibriados
Fedhas
Hepliaklqana
Makhleb
Nemelex Xobeh
Ru
Xom


Innate Abilities, Weirdness & Mutations

You are too large for most types of armour.
You have claws for hands.
Your natural rate of healing is unusually fast.
You are covered in fur. (AC +1)
You have extremely tough skin. (AC +3)


Message History

a wyvern corpse; a water moccasin corpse You feel sick.
You feel sick. The yak gores you.
You feel sick. The yak closely misses you. The yak gores you.
* * * LOW HITPOINT WARNING * * *
You feel sick.
There is a stone staircase leading down here.
You feel sick. The yak gores you!
* * * LOW HITPOINT WARNING * * *
The yak misses you. The yak gores you!
* * * LOW HITPOINT WARNING * * *
The yak closely misses you.
You climb downwards.
You feel sick.
There is a stone staircase leading up here.
Unknown command.
Unknown command.
Your skin crawls.
You feel strong-willed. The yak completely misses you.
The yak barely misses you. The yak gores you!
You die...

#....#
#....#
#....#
....# #...#
#...#######
#..........
#..@Y......
#.Y.Y......
#.....#####
#.....#
#.....#
......#
.......#
........#


You could see 3 yaks.

Vanquished Creatures
  Grinder (D:5)
  A yak (D:8)
  2 wyverns (D:8)
  Eustachio (D:5)
  Menkaure (D:7)
  Edmund (D:5)
  2 water moccasins (D:8)
  An ice beast (D:8)
  2 sky beasts
  A black bear (D:8)
  2 ogres (D:6)
  2 phantoms
  2 centaurs
  2 bullfrogs
  A water moccasin zombie (D:2)
  5 wights (D:7)
  3 howler monkeys
  A bullfrog zombie (D:6)
  4 orc priests
  2 hounds (D:6)
  A gnoll shaman (D:6)
  3 bullfrog skeletons
  2 jellies
  3 orc wizards
  2 centaur skeletons (D:4)
  4 iguanas
  2 worker ants
  A hound skeleton (D:6)
  9 mummies
  A worker ant zombie (D:5)
  8 gnolls (D:6)
  7 adders
  A shadow imp (D:8)
  3 white imps
  An ufetubus (D:5)
  2 oozes
  An adder skeleton (D:5)
  2 worms
  5 dart slugs
  3 leopard geckos
  28 orcs
  2 ball pythons (D:4)
  5 giant cockroaches
  4 hobgoblins
  6 jackals
  6 kobolds
  A quokka (D:5)
  A ball python skeleton (D:5)
  8 bats
  3 frilled lizards
  A gnoll zombie (Ossuary)
  3 goblins
  3 hobgoblin zombies (Ossuary)
  A kobold zombie (Ossuary)
  3 orc zombies (Ossuary)
  7 rats
180 creatures vanquished.

Vanquished Creatures (others)
  A fungus (D:8)
  11 plants (D:8)
12 creatures vanquished.

Grand Total: 192 creatures vanquished

Notes
Turn   | Place    | Note
-------+----------+-------------------------------------------
     0 | D:1      | MisterFreud the Troll Berserker began the quest for the
                  | Orb.
     0 | D:1      | Reached XP level 1. HP: 22/22 MP: 0/0
   131 | D:1      | Reached XP level 2. HP: 29/29 MP: 1/1
   427 | D:2      | Found a shimmering altar of Xom.
   432 | D:2      | Found a shimmering altar of Xom.
   433 | D:2      | Found a shimmering altar of Xom.
   433 | D:2      | Found a shimmering altar of Xom.
   433 | D:2      | Found a shimmering altar of Xom.
   441 | D:2      | Reached skill level 4 in Unarmed Combat
   519 | D:2      | Reached ** piety under Trog
   563 | D:2      | Reached XP level 3. HP: 31/36 MP: 2/2
   587 | D:2      | Found a burning altar of Makhleb.
   684 | D:2      | Reached skill level 5 in Unarmed Combat
   684 | D:2      | Reached XP level 4. HP: 44/44 MP: 3/3
   780 | D:2      | Found a hazy altar of Hepliaklqana.
   946 | D:2      | Found a broken altar of Ashenzari.
  1208 | D:3      | Reached XP level 5. HP: 50/50 MP: 4/4
  1299 | D:3      | Reached skill level 6 in Unarmed Combat
  1799 | D:4      | Reached XP level 6. HP: 56/59 MP: 5/5
  1851 | D:4      | Reached skill level 7 in Unarmed Combat
  1895 | D:4      | Reached *** piety under Trog
  1990 | D:4      | Found a blossoming altar of Fedhas.
  2223 | D:4      | Reached skill level 8 in Unarmed Combat
  2382 | D:4      | Reached XP level 7. HP: 53/66 MP: 6/6
  2611 | D:5      | Entered Level 5 of the Dungeon
  2711 | D:5      | Noticed Edmund
  2718 | D:5      | Killed Edmund
  2944 | D:5      | Reached skill level 5 in Fighting
  2951 | D:5      | Noticed Eustachio
  2954 | D:5      | Found a staircase to the Ecumenical Temple.
  2968 | D:5      | Killed Eustachio
  2969 | D:5      | Reached XP level 8. HP: 70/81 MP: 7/7
  3396 | D:5      | Noticed Grinder
  3405 | D:5      | Paralysed by Grinder for 6 turns
  3414 | D:5      | Killed Grinder
  3415 | D:5      | Reached skill level 1 in Throwing
  3457 | D:6      | Reached **** piety under Trog
  4260 | D:6      | Reached XP level 9. HP: 89/89 MP: 8/8
  4267 | D:6      | Found a sparkling altar of Nemelex Xobeh.
  4588 | D:7      | Found a snail-covered altar of Cheibriados.
  4610 | D:7      | Reached skill level 9 in Unarmed Combat
  4633 | D:7      | Found a sacrificial altar of Ru.
  4756 | D:7      | Noticed Menkaure
  4761 | D:7      | Killed Menkaure
  4822 | D:7      | Found a sand-covered staircase.
  4833 | Ossuary  | Entered an ossuary
  4842 | Ossuary  | Reached ***** piety under Trog
  5141 | D:7      | You fall into a shaft and drop 1 floor!
  5407 | D:8      | Reached skill level 5 in Dodging
  5421 | D:8      | Found a staircase to the Lair.
  5436 | D:8      | Reached skill level 5 in Throwing
  5452 | D:8      | HP: 3/89 [yak (12)]
  5454 | D:9      | Mangled by a yak

Illustrated notes

Levels and vault maps discovered:
D:1:      minmay_arrival_stair_chambers, layout_basic, minmay_heptomino_h4
D:2:      layout_loops_ring, nzn_hepliaklqana_mist_gate, general_overflow_altar,
          xom_redecorated, nicolae_overflow_crystal_walls, serial_bayou
D:3:      layout_basic, minivault_23
D:4:      layout_basic, fedhas_bush_and_centaur_altar
D:5:      layout_gridville, minmay_temple_entry_tees, uniq_grinder, uniq_edmund,
          uniq_eustachio
D:6:      layout_gridville, marbit_many_paths
D:7:      layout_loops_cross, fiery_altar_vehumet, overflow_temple_1_default,
          nicolae_qazlal_eye_of_the_storm, lemuel_crystal_altar,
          gup_ossuary_entry_pyramid, uniq_menkaure
D:8:      layout_basic, minmay_lair_entry_grove, serial_park_tiny_pond
D:9:      minmay_shrinking_squares, layout_irregular_city,
          minmay_guarded_unrand_variability

Skill      XL: |  1  2  3  4  5  6  7  8  9 |
---------------+----------------------------+-----
Unarmed Combat | 4 5 6 8 9 |  9.9
Fighting       | 5 6 |  6.0
Throwing       | 3 5 |  5.2
Dodging        | 3 5 |  5.5

Action                   |  1- 3 |  4- 6 |  7- 9 || total
-------------------------+-------+-------+-------++-------
Melee: Unarmed           |    67 |   118 |   289 ||   474
       Punch             |     2 |     3 |     8 ||    13
Invok: Berserk           |     1 |     2 |     6 ||     9
       Trog's Hand       |       |       |     1 ||     1
 Stab: Sleeping          |       |       |     1 ||     1
Armor: Animal skin       |    22 |    46 |    68 ||   136
Dodge: Dodged            |    38 |    88 |   129 ||   255
